 Dungeon Crawl Stone Soup version 0.21.0-3-g78d12a8 (webtiles) character file.

168 komo4ek the Sneak (level 5, -1/25 HPs)
             Began as a Spriggan Assassin on Jan 8, 2018.
             Succumbed to a worker ant's poison
             ... on level 4 of the Dungeon.
             The game lasted 00:10:37 (2912 turns).

komo4ek the Sneak (Spriggan Assassin)               Turns: 2912, Time: 00:10:37

Health: -1/25      AC:  5    Str:  6 (7)  XL:     5   Next: 24%
Magic:  6/6        EV: 18    Int: 11 (13) God:
Gold:   103        SH:  6    Dex: 16 (18) Spells: 4/4 levels left

rFire    . . .     SeeInvis +   a - +2 dagger
rCold    . . .     Gourm    .   (shield restricted)
rNeg     . . .     Faith    .   c - +0 robe
rPois    .         Spirit   .   (helmet restricted)
rElec    .         Reflect  +   q - +2 cloak
rCorr    .         Harm     .   (gloves unavailable)
MR       .....                  (boots unavailable)
Stlth    +++++.....             h - +6 amulet of reflection
HPRegen  0.08/turn              d - ring of stealth
MPRegen  0.10/turn              (no ring)

@: lethally poisoned (-1 -> -16), hasted, very quick
A: very small, unfitting armour, see invisible, herbivore, speed 3, slow
metabolism 2
a: no special abilities


You were on level 4 of the Dungeon.
You were not hungry.

You visited 1 branch of the dungeon, and saw 4 of its levels.

You collected 103 gold pieces.

Inventory:

Hand Weapons
 a - a +2 dagger (weapon)
 b - a +0 blowgun
Missiles
 e - 8 poisoned needles
 f - 2 curare-tipped needles
Armour
 c - a +0 robe (worn)
 q - a +2 cloak (worn)
Jewellery
 d - a ring of stealth (left hand)
 h - a +6 amulet of reflection (around neck)
Wands
 l - a wand of flame (24)
Scrolls
 i - a scroll of random uselessness {unknown}
 j - 2 scrolls of enchant armour {unknown}
 k - 5 scrolls of identify {unknown}
 m - 2 scrolls of fog {unknown}
 o - a scroll of teleportation {unknown}
 r - a scroll of remove curse {unknown}
 s - a scroll of immolation {unknown}
 u - a scroll of noise {unknown}
Potions
 t - a potion of degeneration
Comestibles
 g - 6 rations


   Skills:
 - Level 1.5 Fighting
 + Level 4.7 Short Blades
 - Level 2.0 Throwing
 + Level 2.7 Dodging
 * Level 7.5 Stealth


You had 4 spell levels left.
You didn't know any spells.

Dungeon Overview and Level Annotations

Branches:
Dungeon (4/15)
 Temple: D:4-7

Altars:


Innate Abilities, Weirdness & Mutations

You are very small and have problems with some larger weapons.
You are too small for most types of armour.
You have supernaturally acute eyesight. (SInv)
You are a herbivore.
You cover ground extremely quickly.
You need consume almost no food.


Message History

You are poisoned.
The worker ant poisons you!
You barely miss the worker ant.
The worker ant is heavily wounded.
You feel sick. The worker ant bites you.
* * * LOW HITPOINT WARNING * * *
You are more poisoned.
The worker ant poisons you!
You hit the worker ant but do no damage.
The worker ant is heavily wounded.
* * * LOW HITPOINT WARNING * * *
You feel sick. The worker ant bites you.
* * * LOW HITPOINT WARNING * * *
It was a potion of degeneration.
There was something very wrong with that liquid.
You feel weakened.
You feel dopey.
You feel clumsy.
* * * LOW HITPOINT WARNING * * *
You feel sick. You block the worker ant's attack.
You feel yourself speed up.
You die...

#.# ##a# #####.##
#.# #
#......###.# .#
#.###...†a.# #.#
#.###### ##.#
#.##########.#
#....a......##
############.##
####......@a..#
.........#####.#
#####...........#
..........#######
####.....#
#....<# #######


You could see a worker ant.

Vanquished Creatures
  Crazy Yiuf (D:2)
  An orc wizard (D:3)
  2 worker ants (D:4)
  A worm (D:3)
  2 leopard geckos
  3 orcs (D:3)
  4 bats
  7 giant cockroaches
  8 goblins
  7 hobgoblins
  3 jackals (D:4)
  A quokka (D:2)
  5 frilled lizards
  3 kobolds
  8 rats
56 creatures vanquished.

Notes
Turn   | Place    | Note
-------+----------+-------------------------------------------
     0 | D:1      | komo4ek the Spriggan Assassin began the quest for the Orb.
     0 | D:1      | Reached XP level 1. HP: 10/10 MP: 2/2
   271 | D:1      | Reached skill level 6 in Stealth
   312 | D:1      | Reached XP level 2. HP: 14/14 MP: 3/3
  1203 | D:2      | Reached XP level 3. HP: 18/18 MP: 4/4
  1378 | D:2      | Found a runed door.
  1719 | D:2      | Noticed Crazy Yiuf
  1723 | D:2      | Killed Crazy Yiuf
  1723 | D:2      | Reached XP level 4. HP: 22/22 MP: 5/5
  1857 | D:3      | Reached skill level 7 in Stealth
  2591 | D:4      | Noticed an ogre
  2631 | D:4      | Reached XP level 5. HP: 25/25 MP: 6/6
  2911 | D:4      | HP: 1/25 [poisoned by a worker ant]
  2912 | D:4      | Succumbed to a worker ant's poison

Skill      XL: |  1  2  3  4 |
---------------+-------------+-----
Stealth        | 6 7 |  7.5
Short Blades   | 3 4 |  4.7
Dodging        | 2 |  2.7
Fighting       | |  1.5
Throwing       | |  2.0

Action                   |  1- 3 |  4- 6 || total
-------------------------+-------+-------++-------
Melee: Dagger            |   134 |   134 ||   268
  Use: Potion            |       |     4 ||     4
 Stab: Sleeping          |    13 |     6 ||    19
       Distracted        |     1 |     1 ||     2
Armor: Robe              |    12 |    11 ||    23
Dodge: Dodged            |    84 |    62 ||   146
Block: Other             |       |    29 ||    29
